 Dungeon Crawl Stone Soup version 0.30.0-19-g36f170ea60 (webtiles) character file.

Game seed: 4508137503314601615

200 CaptainMV the Covered (level 5, -6/39 HPs)
             Began as a Demonspawn Wanderer on May 25, 2023.
             Mangled by a wyvern (15 damage)
             ... on level 4 of the Dungeon on May 26, 2023.
             The game lasted 00:13:14 (1825 turns).

CaptainMV the Covered (Demonspawn Wanderer)         Turns: 1825, Time: 00:13:15

Health: -6/39      AC: 10    Str: 17    XL:     5   Next: 48%
Magic:  6/6        EV:  8    Int: 13    God:
Gold:   92         SH:  0    Dex: 22    Spells: 5/6 levels left

rFire   . . .        a - +1 dagger
rCold   . . .        (no shield)
rNeg    . . .        d - +0 chain mail
rPois   .            (no helmet)
rElec   .            (no cloak)
rCorr   .            (no gloves)
SInv    .            (no boots)
Will    .....        (no amulet) Stlth
                     i - +6 ring of dexterity
HPRegen 0.26/turn    r - +6 ring of strength
MPRegen 0.10/turn

%: no passive effects
@: no status effects
A: spiny 2, weakness stinger 1
a: no special abilities


You were on level 4 of the Dungeon.
You visited 1 branch of the dungeon, and saw 4 of its levels.

You collected 92 gold pieces.

Inventory:

Hand Weapons
 a - a +1 dagger (weapon)
Missiles
 l - 2 poisoned darts (quivered)
 q - 3 boomerangs
Armour
 d - a +0 chain mail (worn)
Magical Staves
 n - a staff of conjuration
Jewellery
 i - a +6 ring of dexterity (left hand)
 p - the ring of Yref {rPois Str+3}
   (You found it on level 4 of the Dungeon)

   [ring of poison resistance]

   Str:       It affects your strength (+3).
   rPois:     It protects you from poison.
 r - a +6 ring of strength (right hand)
Scrolls
 e - 2 scrolls of amnesia
 g - a scroll of enchant weapon
 o - 2 scrolls of identify
Potions
 b - a potion of attraction
 c - a potion of heal wounds {unknown}
 f - 3 potions of curing
 h - 2 potions of flight {unknown}
 j - 3 potions of mutation {unknown}
 k - a potion of magic {unknown}
 m - a potion of ambrosia {unknown}


   Skills:
 + Level 2.5 Fighting
 + Level 2.2 Short Blades
 + Level 5.7 Armour
 + Level 1.4 Dodging
 + Level 1.1 Spellcasting
 + Level 1.9 Translocations


You had 5 spell levels left.
You knew the following spells:

 Your Spells              Type           Power      Damage    Failure   Level
a - Apportation           Tloc           10%        N/A       75%         1

Your spell library contained the following spells:

 Spells                   Type           Power      Damage    Failure   Level
 Gell's Gravitas          Tloc           5%         N/A       98%         3
 Portal Projectile        Hex/Tloc       6%         N/A       99%         3
 Tukima's Dance           Hex            0%         N/A       100%        3
 Blade Hands              Tmut           0%         N/A       100%        5
 Conjure Ball Lightning   Conj/Air       0%         3x3d6     100%        6
 Discord                  Hex            0%         N/A       100%        8
 Disjunction              Tloc           2%         N/A       100%        8


Dungeon Overview and Level Annotations

Branches:
Dungeon (4/15)
 Temple: D:4-7

Altars:

Shops:
D:1 *

Annotations:
D:4 3 runed translucent doors, FelidPro's ghost, amateur FeCj


Innate Abilities, Weirdness & Mutations

You are mostly covered in sharp spines.
You have a small tail.


Message History

Found a scroll of noise.
A wyvern comes into view.
Found 9 gold pieces.
The wyvern hisses angrily.
The wyvern is struck by your spines. The wyvern bites you.
You barely miss the wyvern.
The wyvern is lightly wounded.
The wyvern bites you. The wyvern barely misses you.
You hit the wyvern.
The wyvern is moderately wounded.
The wyvern barely misses you.
You hit the wyvern but do no damage.
The wyvern is moderately wounded.
The wyvern bites you!
You hit the wyvern. You tail-slap the wyvern.
The wyvern is heavily wounded.
The wyvern bites you but does no damage. x2
You hit the wyvern.
Your tail-slap misses the wyvern.
The wyvern is heavily wounded.
The wyvern bites you but does no damage.
You hit the wyvern but do no damage.
Your tail-slap misses the wyvern.
The wyvern is heavily wounded.
The wyvern bites you but does no damage.
You closely miss the wyvern.
You tail-slap the wyvern, but do no damage.
The wyvern is heavily wounded.
The wyvern bites you but does no damage.
The wyvern bites you!
You hit the wyvern but do no damage.
Your tail-slap misses the wyvern.
The wyvern is heavily wounded.
The wyvern is struck by your spines. The wyvern closely misses you.
You hit the wyvern.
The wyvern is severely wounded.
The wyvern bites you.
* * * LOW HITPOINT WARNING * * *
You hit the wyvern but do no damage.
Your tail-slap misses the wyvern.
The wyvern is severely wounded.
The wyvern hisses menacingly.
The wyvern is struck by your spines. The wyvern bites you!
You die...

.........###
........... ......#
.........# #.....##.
.........# #$.......
.........## #......#
†.........# #.....#
..>.......### #.....#
............####l....#
###########.....@....##
##......)..?#
........#^...##.#
###..............
#..####.##...#..# #.#
..# ...# .. #.. #+##
..## # .. .## .#


You could see a wyvern.

Vanquished Creatures
  2 iguanas (D:4)
  Natasha (twice) (D:2)
  4 gnolls (D:3)
  An adder (D:3)
  A worm (D:3)
  2 dart slugs
  5 endoplasms
  2 giant cockroaches
  8 goblins
  3 hobgoblins
  2 kobolds
  A quokka (D:1)
  7 ball pythons
  3 bats
  A frilled lizard (D:2)
  6 rats
50 creatures vanquished.

Notes
Turn   | Place    | Note
-------+----------+-------------------------------------------
     0 | D:1      | CaptainMV the Demonspawn Wanderer began the quest for the
                  | Orb.
     0 | D:1      | CaptainMV set off with the following items: a +0 dagger, a
                  | potion of attraction, a potion of lignification, a +0 chain
                  | mail; and the following spell memorised: Apportation; and
                  | the following spells available to memorise: Gell's
                  | Gravitas.
     0 | D:1      | Reached XP level 1. HP: 16/16 MP: 2/2
   141 | D:1      | Found a faded altar of an unknown god.
   159 | D:1      | Gained mutation: You are partially covered in sharp spines.
                  | [demonic ancestry]
   159 | D:1      | Reached XP level 2. HP: 22/22 MP: 3/3
   340 | D:1      | Reached skill level 5 in Armour
   457 | D:1      | Found Ythrem's Assorted Antiques.
   598 | D:2      | Noticed Natasha
   614 | D:2      | Killed Natasha
   615 | D:2      | Reached skill level 1 in Short Blades
   615 | D:2      | Gained mutation: You are mostly covered in sharp spines.
                  | [demonic ancestry]
   615 | D:2      | Reached XP level 3. HP: 8/27 MP: 4/4
   845 | D:2      | Noticed Natasha
   853 | D:2      | Killed Natasha
   854 | D:2      | Discovered your monstrous ancestry.
   854 | D:2      | Gained mutation: You have a small tail. [demonic ancestry]
   854 | D:2      | Reached XP level 4. HP: 32/33 MP: 0/5
  1261 | D:3      | Reached skill level 1 in Dodging
  1435 | D:3      | Reached XP level 5. HP: 39/39 MP: 6/6
  1740 | D:4      | Noticed FelidPro's ghost (amateur FeCj)
  1741 | D:4      | Noticed a sky beast
  1743 | D:4      | Upgraded the game from 0.30.0-18-gc0e69614cb to
                  | 0.30.0-19-g36f170ea60
  1755 | D:4      | Found a runed translucent gate.
  1755 | D:4      | Found a runed translucent gate.
  1757 | D:4      | Found a runed translucent gate.
  1764 | D:4      | Identified the ring of Yref {rPois Str+3}
  1813 | D:4      | Noticed a wyvern
  1825 | D:4      | Mangled by a wyvern

Illustrated notes

Levels and vault maps discovered:
D:1:      psy_arrival_radial01, layout_rooms,
          shapermc_ecumenical_altar_flowoftime, serial_shops, shop,
          minmay_pentomino_u2
D:2:      layout_loops_ring, uniq_natasha
D:3:      layout_basic
D:4:      layout_rooms, kennysheep_mini, serial_shops,
          nicolae_shop_just_a_little_nook, gammafunk_ghost_split

Skill      XL: |  1  2  3  4 |
---------------+-------------+-----
Armour         | 5 |  5.7
Short Blades   | 1 2 |  2.2
Dodging        | 1 |  1.4
Fighting       | |  2.5
Spellcasting   | |  1.1
Translocations | |  1.9

Action                     |  1- 3 |  4- 6 || total
---------------------------+-------+-------++-------
  Melee: Dagger            |    86 |    50 ||   136
         Punch             |     1 |     1 ||     2
         Tailslap          |       |     9 ||     9
    Use: Scroll            |     3 |     3 ||     6
         Potion            |     1 |       ||     1
 Armour: Chain mail        |    54 |    30 ||    84
         Skin              |    16 |       ||    16
  Dodge: Dodged            |    28 |    18 ||    46
